 Dungeon Crawl Stone Soup version 0.31.0-32-g396128a36d (webtiles) character file.

Game seed: 18171714532363349047

735 chippings the Digger (level 7, 0/59 HPs)
             Began as a Red Draconian Wanderer on Apr 1, 2024.
             Was an Initiate of Gozag.
             Slain by a gnoll
             ... wielding a +0 whip
             ... led by a gnoll bouda
              (8 damage)
             ... on level 5 of the Dungeon.
             The game lasted 00:09:38 (3334 turns).

chippings the Digger (Red Draconian Wanderer)       Turns: 3334, Time: 00:09:39

Health: 0/59       AC:  6    Str: 13    XL:     7   Next: 45%
Magic:  11/11      EV: 11    Int: 14    God:    Gozag
Gold:   173        SH:  0    Dex: 18    Spells: 7/12 levels left

rFire   + . .        j - +0 dagger (venom)
rCold   . . .        (no shield)
rNeg    . . .        (body armour unavailable)
rPois   .            (helmet restricted)
rElec   .            (no cloak)
rCorr   +            (no gloves)
SInv    .            (no boots)
Will    .....        (no amulet)
Stlth   +++          c - ring of resist corrosion
HPRegen 0.29/turn    i - +6 ring of dexterity
MPRegen 0.12/turn

%: no passive effects
@: short of breath, marked, gold aura
A: breathe fire, AC +6, unfitting armour, fire resistance 1, cold-blooded
a: Breathe Fire, Renounce Religion, Potion Petition, Call Merchant, Bribe Branch


You were on level 5 of the Dungeon.
You worshipped Gozag.
Gozag was aware of your devotion.
You visited 1 branch of the dungeon, and saw 5 of its levels.

You collected 251 gold pieces.
You spent 36 gold pieces at shops.
You paid 42 gold pieces to Gozag.

Inventory:

Hand Weapons
 a - a +1 short sword
 j - a +0 dagger of venom (weapon)
 l - a +0 broad axe
 z - a +1 short sword of flaming
Missiles
 s - 4 datura-tipped darts
Armour
 e - a +0 kite shield
Magical Staves
 y - a staff of earth
Jewellery
 c - a ring of resist corrosion (left hand)
 i - a +6 ring of dexterity (right hand)
Wands
 u - a wand of paralysis (4)
Scrolls
 b - a scroll of silence
 f - 3 scrolls of teleportation {unknown}
 h - 3 scrolls of identify
 m - a scroll of butterflies {unknown}
 p - a scroll of immolation
 r - 3 scrolls of vulnerability
 x - a scroll of enchant armour {unknown}
Potions
 d - a potion of cancellation {unknown}
 g - a potion of berserk rage {unknown}
 k - a potion of curing
 n - a potion of attraction
 o - a potion of haste {unknown}
 q - a potion of might {unknown}
 t - a potion of enlightenment {unknown}
 w - a potion of ambrosia {unknown}


   Skills:
 - Level 4.0 Fighting
 + Level 3.6 Short Blades
 + Level 3.7 Stealth
 + Level 3.2 Spellcasting
 + Level 4.6 Earth Magic
 + Level 2.6 Alchemy
 - Level 1.0 Invocations


You had 7 spell levels left.
You knew the following spells:

 Your Spells              Type           Power      Damage    Failure   Level
a - Sandblast             Erth           30%        2d9       3%          1
b - Petrify               Alch/Erth      12%        N/A       43%         4

Your spell library contained the following spells:

 Spells                   Type           Power      Damage    Failure   Level
 Sublimation of Blood     Necr           2%         N/A       32%         2
 Brom's Barrelling Bould  Conj/Erth      8%         2d3       63%         4


Dungeon Overview and Level Annotations

Branches:
Dungeon (5/15)             Temple (0/1) D:5

Altars:
Gozag
Sif Muna
Trog

Shops:
D:3 [[([!


Innate Abilities, Weirdness & Mutations

You can breathe blasts of fire.
Your fiery red scales are hard. (AC +6)
You cannot fit into any form of body armour.
Your flesh is heat resistant. (rF+)
You are cold-blooded and may be slowed by cold attacks.


Message History

The gnoll hits you from afar with a +0 halberd.
Unknown command.
You struggle against the net.
Flame seeps out of the gnoll bouda.
The gnoll hits you from afar with a +0 halberd.
The gnoll bouda is engulfed in blazing flames.
The gnoll bouda explodes!
The fiery explosion engulfs you! You resist.
Unknown command.
You rip the net and break free!
You are engulfed in blazing flames.
You resist. The gnoll closely misses you. The gnoll attacks as it pursues you!
The gnoll closely misses you.
Things that are here:
a +0 whip; a +0 robe You are engulfed in blazing flames.
You resist. The gnoll attacks as it pursues you!
The gnoll hits you from afar with a +0 halberd.
* * * LOW HITPOINT WARNING * * *
The white imp is distracted by your dazzling golden aura.
The gnoll closely misses you. The gnoll attacks as it pursues you!
The gnoll misses you. The gnoll hits you with a +0 whip!
* * * LOW HITPOINT WARNING * * *
The gnoll is distracted by your dazzling golden aura.
The gnoll attacks as it pursues you! The gnoll misses you.
An iguana comes into view.
You feel better.
The white imp is no longer distracted by gold.
The white imp gestures at you. The puff of frost hits you.
* * * LOW HITPOINT WARNING * * *
The gnoll hits you with a +0 whip.
* * * LOW HITPOINT WARNING * * *
Okay, then.
Okay, then.
You hit the gnoll.
The gnoll is poisoned.
The gnoll is moderately wounded.
A hound comes into view. x2; A jelly comes into view.
The gnoll hits you with a +0 whip!
You die...
Your body crumbles into a pile of gold.

*,,,,,,*....*####..####**,,,,
***,,,,,,#..##...h.#...,,,,,,
****,,..*,**#..#.........,,,,,,
**,*,,,..##* *#l..........,,,,,,
**,,,,,,....#*##...<...J##,,,,,,,
*,,,,,,**....*#...<......#*,,,,,,
**,,*,****#..###...⌠5....#,,,,,,,
****** #...#............,,,,,,
#.....@⌠.>.⌠.....,,,,,,
**#*##.)..g......h...,,,,,,
*...#........⌠.......,,***,
*................#...***,*,
*........§###.#####..* *,,,
*#.......§g..####.#.#* *,,,
*........§#g$$.#...,,***,,,
*##......>###$)##..,,,,*,*,
##.....####..$...,,,**,*,


You could see an iguana, 2 hounds, a jelly, a gnoll (very poisoned) and a white
imp.

Vanquished Creatures
  Duvessa (D:4)
  An ogre (D:4)
  3 scorpions (D:4)
  Dowan (D:4)
  A howler monkey (D:4)
  A gnoll bouda (D:5)
  A hound (D:4)
  An orc priest (D:3)
  2 gnolls (D:5)
  7 adders
  4 dart slugs
  2 ribbon worms
  14 orcs
  7 ball pythons
  14 endoplasms
  5 giant cockroaches
  5 hobgoblins
  4 jackals (D:4)
  4 quokkas
  7 bats
  5 frilled lizards
  5 goblins
  4 kobolds
  5 rats
104 creatures vanquished.

Notes
Turn   | Place    | Note
-------+----------+-------------------------------------------
     0 | D:1      | chippings the Draconian Wanderer began the quest for the
                  | Orb.
     0 | D:1      | chippings set off with the following items: a +1 short
                  | sword, a scroll of silence; and the following spell
                  | memorised: Sandblast; and the following spells available to
                  | memorise: Brom's Barrelling Boulder, Petrify.
     0 | D:1      | Reached XP level 1. HP: 17/17 MP: 2/2
   174 | D:1      | Reached XP level 2. HP: 24/25 MP: 0/3
   232 | D:1      | You fall into a shaft and drop 1 floor!
   580 | D:1      | Reached XP level 3. HP: 24/30 MP: 5/5
   865 | D:2      | Identified the +1 dagger of Igyts {spect, ^Contam rN+ Will-
                  | Int+7}
  1106 | D:2      | Reached XP level 4. HP: 38/38 MP: 4/6
  1540 | D:3      | Learned a level 4 spell: Petrify
  1541 | D:3      | Found Lupni's Distillery.
  1549 | D:3      | Bought a potion of curing for 36 gold pieces
  1553 | D:3      | Found Qomackif's Antique Armour Shop.
  1744 | D:3      | Found Doeca's Weapon Emporium.
  1785 | D:3      | Reached XP level 5. HP: 45/45 MP: 6/8
  1972 | D:3      | Found Lugg's Armour Boutique.
  1977 | D:3      | Found Ylyxofoa's Antique Armour Shoppe.
  2307 | D:4      | Reached skill level 1 in Alchemy
  2465 | D:4      | Reached XP level 6. HP: 44/52 MP: 6/9
  2631 | D:4      | Found an opulent altar of Gozag.
  2645 | D:4      | Became a worshipper of Gozag Ym Sagoz the Greedy
  3015 | D:4      | Your scales start taking on a fiery red colour.
  3015 | D:4      | Reached XP level 7. HP: 41/59 MP: 9/11
  3015 | D:4      | Gained mutation: Your flesh is heat resistant. (rF+) [Red
                  | Draconian growth]
  3186 | D:4      | Noticed Dowan
  3187 | D:4      | Found a shimmering blue altar of Sif Muna.
  3191 | D:4      | Killed Dowan
  3198 | D:4      | Got Sif Muna's Vellum of the Autopsy
  3204 | D:4      | Found a bloodstained altar of Trog.
  3204 | D:4      | Noticed Duvessa
  3212 | D:4      | Killed Duvessa
  3300 | D:5      | Entered Level 5 of the Dungeon
  3300 | D:5      | Found a staircase to the Ecumenical Temple.
  3334 | D:5      | Slain by a gnoll

Illustrated notes

Levels and vault maps discovered:
D:1:      mrwooster_arrival_statue_3, layout_rooms, minmay_misc_feat_doors
D:2:      layout_loops_ring
D:3:      layout_loops_cross, serial_shops, nicolae_shop_advertising_works
          [nicolae_subvault_shop_adworks], shop, nicolae_shop_rolling_square,
          nicolae_shop_tiny_real_fake_doors, nicolae_shop_tiny_waterfront
D:4:      layout_gridville, nzn_overflow_gifts_of_might_and_magic,
          nicolae_gozag_seed_capital, nicolae_letterblocks
          [nicolae_letter_subblock, nicolae_letter_subblock,
          nicolae_letter_subblock, nicolae_letter_subblock,
          nicolae_letter_subblock, nicolae_letter_subblock,
          nicolae_letter_subblock, nicolae_letter_subblock,
          nicolae_letter_subblock, nicolae_letter_subblock,
          nicolae_letter_subblock, nicolae_letter_subblock,
          nicolae_letter_subblock, nicolae_letter_subblock,
          nicolae_letter_subblock, nicolae_letter_subblock,
          nicolae_letter_subblock, nicolae_letter_subblock,
          nicolae_letter_subblock, nicolae_letter_subblock,
          nicolae_letter_subblock, nicolae_letter_subblock,
          nicolae_letter_subblock, nicolae_letter_subblock,
          nicolae_letter_subblock]
D:5:      layout_cave_pools, temple_fountains, kennysheep_generic_room_4

Skill      XL: |  1  2  3  4  5  6  7 |
---------------+----------------------+-----
Stealth        | 2 3 |  3.7
Fighting       | 3 4 |  4.0
Spellcasting   | 2 3 |  3.2
Alchemy        | 1 2 |  2.6
Earth Magic    | 4 |  4.6
Short Blades   | 3 |  3.6
Invocations    | |  1.0

Action                     |  1- 3 |  4- 6 |  7- 9 || total
---------------------------+-------+-------+-------++-------
  Melee: Short sword       |    39 |       |       ||    39
         Tailslap          |    10 |    22 |     3 ||    35
         Dagger            |    56 |   123 |     9 ||   188
         Punch             |       |     4 |       ||     4
  Throw: Throwing net      |       |     1 |       ||     1
   Cast: Sandblast         |    21 |    31 |     5 ||    57
Ability: Breathe Fire      |       |       |     3 ||     3
    Use: Potion            |       |     2 |     1 ||     3
         Scroll            |       |       |     3 ||     3
   Stab: Sleeping          |     2 |     6 |       ||     8
 Armour: Skin              |    54 |    73 |    18 ||   145
  Dodge: Dodged            |    59 |    63 |    10 ||   132
